 Dungeon Crawl Stone Soup version 0.22.1-2-g9c5b331 (webtiles) character file.

1969 Lauz the Carver (level 9, -2/68 HPs)
             Began as a Demonspawn Gladiator on Dec 4, 2018.
             Was a Follower of Yredelemnul.
             Slain by a red ugly thing (8 damage)
             ... on level 8 of the Dungeon.
             The game lasted 00:36:31 (9756 turns).

Lauz the Carver (Demonspawn Gladiator)              Turns: 9756, Time: 00:36:32

Health: -2/68      AC: 10    Str: 17    XL:     9   Next: 0%
Magic:  9/9        EV: 14    Int: 10    God:    Yredelemnul [*.....]
Gold:   309        SH:  0    Dex: 18    Spells: 8/8 levels left

rFire    . . .     SeeInvis .   a - +0 long sword
rCold    . . .     Gourm    .   (no shield)
rNeg     . . .     Faith    .   b - +0 leather armour
rPois    .         Spirit   .   c - +0 helmet
rElec    .         Reflect  .   F - +0 cloak
rCorr    .         Harm     .   m - +0 pair of gloves
MR       .....                  (boots unavailable)
Stlth    +.........             (no amulet)
HPRegen  0.21/turn              p - +3 ring of dexterity
MPRegen  0.11/turn              G - +2 ring of protection

@: no status effects
A: talons 3, slimy green scales 1, demonic guardian 1
a: Animate Remains, Renounce Religion


You were on level 8 of the Dungeon.
You worshipped Yredelemnul.
Yredelemnul was aware of your devotion.
You were hungry.

You visited 2 branches of the dungeon, and saw 9 of its levels.

You collected 374 gold pieces.
You spent 65 gold pieces at shops.

Inventory:

Hand Weapons
 a - a +0 long sword (weapon)
Missiles
 d - 4 throwing nets (quivered)
Armour
 b - a +0 leather armour (worn)
 c - a +0 helmet (worn)
 m - a +0 pair of gloves (worn)
 q - +0 storm dragon scales
 r - a +0 chain mail
 F - a +0 cloak (worn)
Magical Staves
 J - an uncursed staff of cold
Jewellery
 p - a +3 ring of dexterity (left hand)
 w - an uncursed ring of wizardry
 G - a +2 ring of protection (right hand)
Wands
 y - a wand of clouds (3)
 D - a wand of acid (9)
 K - a wand of digging (13)
Scrolls
 e - 2 scrolls of fog {unknown}
 j - 2 scrolls of remove curse
 l - 4 scrolls of immolation
 o - 2 scrolls of random uselessness
 s - a scroll of fear
 t - a scroll of blinking {unknown}
 u - 4 scrolls of identify
 v - 3 scrolls of noise {unknown}
 x - 2 scrolls of teleportation {unknown}
 A - a scroll of brand weapon {unknown}
 H - a scroll of enchant weapon {unknown}
 I - a scroll of magic mapping {unknown}
Potions
 g - 2 potions of brilliance
 h - 4 potions of curing
 i - 2 potions of haste {unknown}
 k - 6 potions of might
 n - 4 potions of heal wounds
 z - a potion of flight {unknown}
 B - 2 potions of degeneration {unknown}
 C - a potion of ambrosia {unknown}
 E - a potion of mutation {unknown}
Comestibles
 f - 13 rations


   Skills:
 + Level 5.6 Fighting
 + Level 8.7 Long Blades
 - Level 1.7 Throwing
 + Level 3.6 Armour
 + Level 3.9 Dodging
 + Level 0.1 Invocations


You had 8 spell levels left.
You didn't know any spells.
Your spell library contained the following spells:

 Spells                   Type           Power        Failure   Level  Hunger
 Poisonous Vapours        Pois/Air       #.....       56%         2    ###....
 Conjure Flame            Conj/Fire      #.......     80%         3    ####...
 Mephitic Cloud           Conj/Pois/Air  #.......     80%         3    ####...
 Freezing Cloud           Conj/Ice/Air   #.........   100%        6    #######
 Ring of Flames           Chrm/Fire      #.........   100%        7    #######


Dungeon Overview and Level Annotations

Branches:
Dungeon (8/15)             Temple (1/1) D:4
   Lair: D:8-11

Altars:
Ashenzari
Cheibriados
Dithmenos
Elyvilon
Fedhas
Gozag
Hepliaklqana
Kikubaaqudgha
Makhleb
Nemelex Xobeh
Okawaru
Qazlal
Ru
Sif Muna
Trog
Uskayaw
Vehumet
Wu Jian
Xom
Yredelemnul
Zin
The Shining One

Shops:
D:5 *


Innate Abilities, Weirdness & Mutations

You have claws for feet.
You are partially covered in slimy green scales. (AC +2)
A weak demonic guardian rushes to your aid.


Message History

The red ugly thing bites you!
You are engulfed in flames!!
Your white imp hits the red ugly thing.
Your white imp freezes the red ugly thing.
Your iron imp hits the red ugly thing.
Your white imp hits the red ugly thing but does no damage.
You swap places.
Something bites your white imp.
Your white imp is engulfed in flames!!
Your white imp is burned terribly!
Your white imp dies!
Your iron imp disappears in a puff of smoke!
You swap places.
Your ufetubus closely misses the red ugly thing. x2
The red ugly thing bites you!
You are engulfed in flames!!
* * * LOW HITPOINT WARNING * * *
Your ufetubus hits the red ugly thing but does no damage. x2
Your ufetubus hits the red ugly thing.
Your ufetubus hits the red ugly thing but does no damage.
The red ugly thing bites you!
You die...
Your body rises from the dead as a mindless zombie.

#.................####
####..##...#.##.......
#...#...#.##....### .
#...#...#.##.......
#.######...#...#.##....... .....
.#..............##....###
[...!......###..##.##..#.....###
.......##..#....##.# ..#...<.##.
....... #..##.#@.<.##..#...#....
.......##..#...u...........#....
...............5ยง#.##..#...###..
........................... #..
#...........##.#####..#.. #..
...##..#####.##.# #.##.. #..
........# #.##.# #( #.. ...
...###... ...... ... . .....
#....( ####


You could see a red ugly thing and a friendly ufetubus.

Vanquished Creatures
  Eustachio (D:5)
  3 ice beasts
  An ogre (D:4)
  2 centaurs
  A big kobold (D:4)
  A bullfrog (D:7)
  Dowan (D:5)
  2 crimson imps
  A bullfrog zombie (D:6)
  2 hounds
  A jelly (D:7)
  Ijyb (D:5)
  2 iguanas
  Crazy Yiuf (D:5)
  An orc wizard (D:7)
  8 worker ants
  A worker ant zombie (D:5)
  3 gnolls
  10 adders
  3 oozes
  3 adder skeletons
  2 worms
  5 dart slugs
  4 leopard geckos
  13 orcs
  A ball python (D:2)
  11 bats
  7 giant cockroaches
  8 goblins
  7 hobgoblins
  13 jackals
  10 kobolds
  A quokka (D:6)
  7 frilled lizards
  A leopard gecko skeleton (D:4)
  8 rats
147 creatures vanquished.

Vanquished Creatures (collateral kills)
  Prince Ribbit (D:5)
  Duvessa (D:5)
  2 ogres (D:6)
  A scorpion (D:5)
  2 howler monkeys
  A crimson imp (D:3)
  2 orc wizards
  4 gnolls (D:7)
  3 orcs
17 creatures vanquished.

Grand Total: 164 creatures vanquished

Notes
Turn   | Place    | Note
-------+----------+-------------------------------------------
     0 | D:1      | Lauz the Demonspawn Gladiator began the quest for the Orb.
     0 | D:1      | Reached XP level 1. HP: 16/16 MP: 1/1
   177 | D:1      | Reached skill level 3 in Long Blades
   184 | D:1      | Gained mutation: A weak demonic guardian rushes to your
                  | aid. [demonic ancestry]
   184 | D:1      | Reached XP level 2. HP: 22/22 MP: 2/2
   455 | D:1      | Gained mutation: You have sharp toenails. [demonic
                  | ancestry]
   455 | D:1      | Reached XP level 3. HP: 27/28 MP: 3/3
  1223 | D:1      | Reached skill level 4 in Long Blades
  1649 | D:2      | Reached XP level 4. HP: 33/34 MP: 4/4
  1744 | D:2      | Found a shattered altar of Ashenzari.
  1922 | D:2      | Found a radiant altar of Vehumet.
  2587 | D:2      | Found a hazy altar of Hepliaklqana.
  2753 | D:2      | Reached XP level 5. HP: 25/40 MP: 5/5
  2933 | D:3      | Found an ancient bone altar of Kikubaaqudgha.
  2992 | D:3      | Reached skill level 5 in Long Blades
  3415 | D:3      | Found a bloodstained altar of Trog.
  4238 | D:4      | Reached XP level 6. HP: 47/47 MP: 6/6
  4364 | D:4      | Found a staircase to the Ecumenical Temple.
  4373 | Temple   | Entered the Ecumenical Temple
  4390 | Temple   | Became a worshipper of Yredelemnul the Dark
  4506 | D:4      | Reached skill level 6 in Long Blades
  5732 | D:5      | Entered Level 5 of the Dungeon
  5753 | D:5      | Noticed an ice beast
  5770 | D:5      | Killed an ice beast
  5770 | D:5      | Gained mutation: You have razor-sharp toenails. [demonic
                  | ancestry]
  5770 | D:5      | Reached XP level 7. HP: 53/53 MP: 7/7
  5884 | D:5      | Found Pynluicw's General Store.
  6048 | D:5      | Bought a potion of heal wounds for 65 gold pieces
  6056 | D:5      | Noticed Dowan
  6056 | D:5      | Noticed Duvessa
  6068 | D:5      | Reached skill level 7 in Long Blades
  6337 | D:6      | Reached skill level 1 in Armour
  6680 | D:6      | Found a deep blue altar of Sif Muna.
  6738 | D:6      | Gained mutation: You are partially covered in slimy green
                  | scales. (AC +2) [demonic ancestry]
  6738 | D:6      | Reached XP level 8. HP: 53/61 MP: 8/8
  7406 | D:5      | Killed Duvessa
  7415 | D:5      | Killed Dowan
  7601 | D:5      | Noticed Prince Ribbit
  7624 | D:5      | Killed Prince Ribbit
  7624 | D:5      | Reached skill level 8 in Long Blades
  7714 | D:5      | Noticed Ijyb
  7728 | D:5      | Killed Ijyb
  7732 | D:5      | Reached skill level 5 in Fighting
  8027 | D:5      | Noticed Eustachio
  8273 | D:5      | Killed Eustachio
  8488 | D:5      | Found a runed door.
  8650 | D:5      | Noticed Crazy Yiuf
  8659 | D:5      | Killed Crazy Yiuf
  8767 | D:7      | Reached * piety under Yredelemnul
  9132 | D:7      | Noticed a red ugly thing
  9730 | D:8      | Gained mutation: You have claws for feet. [demonic
                  | ancestry]
  9730 | D:8      | Reached XP level 9. HP: 68/68 MP: 9/9
  9756 | D:8      | Slain by a red ugly thing

Skill      XL: |  1  2  3  4  5  6  7  8 |
---------------+-------------------------+-----
Long Blades    | 3 4 5 6 7 8 |  8.7
Fighting       | 3 4 5 |  5.6
Armour         | 2 3 |  3.6
Dodging        | 3 |  3.9
Throwing       | |  1.7
Invocations    | |  0.1

Action                   |  1- 3 |  4- 6 |  7- 9 || total
-------------------------+-------+-------+-------++-------
Melee: Long sword        |   101 |   186 |   182 ||   469
       Kick              |    18 |    51 |    78 ||   147
Throw: Throwing net      |       |     1 |       ||     1
Invok: Animate Remains   |       |       |     1 ||     1
  Use: Scroll            |       |     8 |       ||     8
 Stab: Distracted        |       |     1 |     2 ||     3
  Eat: Chunk             |     2 |    12 |     7 ||    21
       Ration            |       |     1 |     1 ||     2
Armor: Leather armour    |    37 |    63 |    70 ||   170
Dodge: Dodged            |    66 |   137 |   121 ||   324
       Rpst.: Long sword |    23 |    48 |    26 ||    97
